 Dungeon Crawl Stone Soup version 0.31-a0-986-g5e6e4ef867 (webtiles) character file.

Game seed: 7776006301965361984

1456 jestert79 the Slasher (level 9, 0/59 HPs)
             Began as a Djinni Gladiator on Nov 8, 2023.
             Was a Believer of Lugonu.
             Slain by a yak (2 damage)
             ... on level 6 of the Dungeon.
             The game lasted 00:18:46 (6408 turns).

jestert79 the Slasher (Djinni Gladiator)            Turns: 6408, Time: 00:18:47

Health: 0/59       AC:  5    Str: 13    XL:     9   Next: 5%
Gold:   34         EV: 12    Int: 11    God:    Lugonu [**....] SH:  7 Dex: 18

rFire   + . .        a - +2 falchion (drain)
rCold   . . .        l - +2 buckler
rNeg    . . .        p - +0 leather armour
rPois   ∞            c - +0 helmet
rElec   .            s - +0 cloak
rCorr   .            (no gloves)
SInv    .            (boots unavailable)
Will    .....        t - amulet of the acrobat
Stlth   +            k - ring of ice
HPRegen 0.29/turn    (no ring)
MPRegen 0.00/turn

%: acrobat, infuse magic (-1 HP)
@: flying, very slightly contaminated
A: sickness immunity, fire resistance 2, cold vulnerability 1, float, innate
caster, HP casting, extra vitality 1
a: Renounce Religion, Depart the Abyss, Banish


You were on level 6 of the Dungeon.
You worshipped Lugonu.
Lugonu was pleased with you.
You visited 1 branch of the dungeon, and saw 6 of its levels.

You collected 328 gold pieces.
You spent 294 gold pieces at shops.

Inventory:

Hand Weapons
 a - a +2 falchion of draining (weapon)
 b - a +0 sling
 F - a +0 long sword
Missiles
 d - 2 throwing nets
 e - a javelin
 g - 58 stones (quivered)
Armour
 c - a +0 helmet (worn)
 l - a +2 buckler (worn)
 p - a +0 leather armour (worn)
 s - a +0 cloak (worn)
Jewellery
 k - a ring of ice (left hand)
 t - an amulet of the acrobat (around neck)
Wands
 v - a wand of paralysis (10)
 y - a wand of iceblast (14)
 B - a wand of digging (1)
 G - a wand of mindburst (5)
Scrolls
 f - 2 scrolls of fog {unknown}
 h - 2 scrolls of teleportation {unknown}
 i - 4 scrolls of amnesia {unknown}
 q - a scroll of fear {unknown}
 r - a scroll of vulnerability
 u - 2 scrolls of enchant weapon {unknown}
 w - 2 scrolls of enchant armour {unknown}
 z - 2 scrolls of blinking {unknown}
 A - a scroll of brand weapon
 D - a scroll of torment {unknown}
Potions
 j - 5 potions of heal wounds
 m - 3 potions of brilliance {unknown}
 n - a potion of might
 o - 4 potions of curing
 x - 2 potions of ambrosia {unknown}
 C - a potion of haste {unknown}
 E - a potion of invisibility {unknown}
 H - a potion of attraction {unknown}


   Skills:
 + Level 2.4 Fighting
 + Level 7.8 Long Blades
 - Level 1.5 Throwing
 + Level 3.6 Dodging
 - Level 2.4 Shields
 - Level 4.1 Spellcasting
 - Level 4.1 Conjurations
 - Level 4.1 Hexes
 - Level 4.1 Summonings
 - Level 4.1 Necromancy
 - Level 4.1 Translocations
 - Level 4.1 Transmutations
 - Level 4.1 Fire Magic
 - Level 4.1 Ice Magic
 - Level 4.1 Air Magic
 - Level 4.1 Earth Magic
 - Level 4.1 Poison Magic
 + Level 1.1 Invocations


You knew the following spells:

 Your Spells              Type           Power      Damage    Failure   Level
a - Summon Small Mammal   Summ           44%        N/A       8%          1
b - Scorch                Fire           22%        2d5       12%         2
c - Hailstorm             Conj/Ice       17%        3d6       24%         3
d - Ignite Poison         Fire/Tmut/Pois 11%        N/A       24%         3
Your spell library was empty.

Dungeon Overview and Level Annotations

Branches:
Dungeon (6/15)             Temple (0/1) D:6

Altars:
Lugonu

Shops:
D:2 *   D:3 *


Innate Abilities, Weirdness & Mutations

You are immune to sickness and miasma.
You are immune to poison.
Your flesh is very heat resistant. (rF++)
You are vulnerable to cold. (rC-)
You float through the air rather than walking.
You learn spells naturally, not from books.
Your magical power is your life essence.
You have superior vitality. (+4 MHP)


Message History

The yak gores you.
Casting: Scorch (safe; 12% risk of failure)
Confirm with . or Enter, or press ? or * to list all spells.
Flames lash the yak but do no damage.
The yak gores you but does no damage.
Casting: Scorch (safe; 12% risk of failure)
Confirm with . or Enter, or press ? or * to list all spells.
Flames lash the yak.
The yak is burned terribly!
The yak is moderately wounded.
You block the yak's attack.
Casting: Scorch (safe; 12% risk of failure)
Confirm with . or Enter, or press ? or * to list all spells.
You miscast Scorch.
You are very lightly contaminated with residual magic.
Nothing appears to happen.
The yak gores you!
Casting: Scorch (safe; 12% risk of failure)
Confirm with . or Enter, or press ? or * to list all spells.
Flames lash the yak but do no damage.
The yak gores you!
Casting: Scorch (safe; 12% risk of failure)
Confirm with . or Enter, or press ? or * to list all spells.
Flames lash the yak.
The yak is heavily wounded.
The yak gores you!
* * * LOW HITPOINT WARNING * * *
Unknown command.
You barely miss the yak.
The yak is heavily wounded.
The yak barely misses you.
You hit the yak but do no damage.
The yak is heavily wounded.
The yak gores you!
* * * LOW HITPOINT WARNING * * *
You hit the yak but do no damage.
The yak is heavily wounded.
You block the yak's attack.
Unknown command.
Aiming: Paralyse
Press: ? - help, Shift-Dir - straight line, f - yak
Aim: a yak (heavily wounded, more vulnerable to fire, chance to affect: 49%)
The yak resists with some effort.
The yak gores you.
You die...

###### ### #....# #<# #.##.#
#.#### ##### #..#.# #....#
#...# ##.#.# ####.# #.#.#
####.#.# #@###.#.# #..Y.#..
#.Y...#.###.##...)
##############)....##.##.
#########.....###....)..#####.#
.
.....................†....>...#
.
#########.###.###.#####.#..####
. #..<#.###.......#.## #
#############......######.#
........# #..........##...#


You could see a yak (combustible).

Vanquished Creatures
  2 yaks (D:6)
  An ice beast (D:6)
  A centaur (D:5)
  2 ogres
  2 phantoms
  2 scorpions
  A howler monkey (D:6)
  A hound (D:5)
  2 orc priests
  A jelly (D:6)
  Jessica (D:3)
  3 iguanas
  2 orc wizards (D:5)
  Ijyb (D:3)
  A gnoll bouda (D:6)
  4 gnolls (D:6)
  3 adders
  A white imp (D:5)
  2 ufetubi (D:6)
  4 worms
  A dart slug (D:4)
  16 orcs
  3 bats
  10 endoplasms
  5 giant cockroaches
  4 goblins
  4 hobgoblins
  3 jackals (D:2)
  A quokka (D:2)
  4 ball pythons
  2 frilled lizards (D:2)
  5 kobolds
  6 rats
101 creatures vanquished.

Vanquished Creatures (others)
  An orc wizard (D:2)
1 creature vanquished.

Grand Total: 102 creatures vanquished

Notes
Turn   | Place    | Note
-------+----------+-------------------------------------------
     0 | D:1      | jestert79 the Djinni Gladiator began the quest for the Orb.
     0 | D:1      | Reached XP level 1. HP: 18/18 MP: 0/0
   287 | D:1      | Reached skill level 3 in Long Blades
   289 | D:1      | Reached XP level 2. HP: 23/23 MP: 0/0
   835 | D:1      | Found a faded altar of an unknown god.
   998 | D:1      | Prayed at the altar of an unknown god.
   998 | D:1      | Became a worshipper of Lugonu the Unformed
   998 | D:1      | Reached * piety under Lugonu
  1315 | D:2      | Reached XP level 3. HP: 28/28 MP: 0/0
  1315 | D:2      | Learned a level 1 spell: Summon Small Mammal
  1621 | D:2      | Found Waik's General Store.
  1627 | D:2      | Bought a potion of might for 52 gold pieces
  1709 | D:2      | Reached skill level 4 in Long Blades
  1779 | D:2      | Bought a potion of curing for 39 gold pieces
  1850 | D:2      | Reached ** piety under Lugonu
  1879 | D:2      | Reached XP level 4. HP: 33/33 MP: 0/0
  1894 | D:2      | Reached skill level 1 in Shields
  1906 | D:2      | Reached XP level 5. HP: 21/38 MP: 0/0
  1906 | D:2      | Learned a level 2 spell: Scorch
  2527 | D:3      | Noticed an ogre
  2537 | D:3      | Killed an ogre
  2538 | D:3      | Reached skill level 5 in Long Blades
  2538 | D:3      | Reached XP level 6. HP: 43/43 MP: 0/0
  2784 | D:3      | Noticed Ijyb
  2791 | D:3      | Noticed Jessica
  2799 | D:3      | Killed Jessica
  2818 | D:3      | Found Tevagg's Assorted Antiques.
  2826 | D:3      | Bought a scroll labelled NOYSTR LOOPNIRA for 25 gold pieces
  2826 | D:3      | Bought a scroll labelled TENITSUOPO for 25 gold pieces
  2826 | D:3      | Bought 2 inky potions for 45 gold pieces
  2969 | D:3      | Killed Ijyb
  3189 | D:4      | Reached skill level 1 in Spellcasting
  3189 | D:4      | Reached skill level 1 in Conjurations
  3189 | D:4      | Reached skill level 1 in Hexes
  3189 | D:4      | Reached skill level 1 in Summonings
  3189 | D:4      | Reached skill level 1 in Necromancy
  3189 | D:4      | Reached skill level 1 in Translocations
  3189 | D:4      | Reached skill level 1 in Transmutations
  3189 | D:4      | Reached skill level 1 in Fire Magic
  3189 | D:4      | Reached skill level 1 in Ice Magic
  3189 | D:4      | Reached skill level 1 in Air Magic
  3189 | D:4      | Reached skill level 1 in Earth Magic
  3189 | D:4      | Reached skill level 1 in Poison Magic
  3296 | D:4      | Reached XP level 7. HP: 49/49 MP: 0/0
  3296 | D:4      | Learned a level 3 spell: Hailstorm
  3889 | D:5      | Entered Level 5 of the Dungeon
  3946 | D:3      | Bought a scroll of identify for 50 gold pieces
  4093 | D:5      | Reached skill level 6 in Long Blades
  5205 | D:6      | Reached XP level 8. HP: 52/54 MP: 0/0
  5376 | D:6      | Reached skill level 7 in Long Blades
  5403 | D:6      | Noticed a yak
  5987 | D:6      | Found a staircase to the Ecumenical Temple.
  6042 | D:6      | Noticed a yak
  6066 | D:6      | Killed a yak
  6104 | D:6      | Noticed a yak
  6105 | D:6      | Noticed a yak
  6112 | D:6      | Killed a yak
  6112 | D:6      | Reached *** piety under Lugonu
  6113 | D:6      | Reached skill level 1 in Invocations
  6113 | D:6      | Reached XP level 9. HP: 49/59 MP: 0/0
  6113 | D:6      | Learned a level 3 spell: Ignite Poison
  6283 | D:2      | Bought a +0 cloak for 58 gold pieces
  6406 | D:6      | HP: 1/59 [yak (11)]
  6408 | D:6      | Slain by a yak

Illustrated notes

Levels and vault maps discovered:
D:1:      onia_arrival_mini_maze, layout_basic,
          dreamdust_ecumenical_altar_hidden_monk_grotto,
          minmay_misc_feat_plants, minmay_misc_feat_ornament
D:2:      layout_basic, serial_shops, nicolae_shop_just_a_little_nook,
          minmay_pentomino_s2
D:3:      layout_loops_ring, serial_shops, shop, serial_bayou_pond_e,
          uniq_jessica, uniq_ijyb
D:4:      layout_basic
D:5:      layout_basic, lemuel_doored_altar, hex_large
D:6:      layout_basic, minmay_temple_entry_fiery

Skill      XL: |  1  2  3  4  5  6  7  8 |
---------------+-------------------------+-----
Long Blades    | 3 4 5 6 7 |  7.8
Shields        | 1 2 |  2.4
Spellcasting   | 1 2 4 |  4.1
Conjurations   | 1 2 4 |  4.1
Hexes          | 1 2 4 |  4.1
Summonings     | 1 2 4 |  4.1
Necromancy     | 1 2 4 |  4.1
Translocations | 1 2 4 |  4.1
Transmutations | 1 2 4 |  4.1
Fire Magic     | 1 2 4 |  4.1
Ice Magic      | 1 2 4 |  4.1
Air Magic      | 1 2 4 |  4.1
Earth Magic    | 1 2 4 |  4.1
Poison Magic   | 1 2 4 |  4.1
Invocations    | 1 |  1.1
Fighting       | |  2.4
Throwing       | |  1.5
Dodging        | |  3.6

Action                     |  1- 3 |  4- 6 |  7- 9 || total
---------------------------+-------+-------+-------++-------
  Melee: Long sword        |    79 |   145 |    79 ||   303
         Falchion          |       |       |    84 ||    84
   Fire: Sling             |     5 |     5 |       ||    10
  Throw: Throwing net      |       |     2 |       ||     2
         Stone             |       |       |     1 ||     1
   Cast: Scorch            |       |       |    24 ||    24
  Evoke: Wand              |       |       |     2 ||     2
    Use: Scroll            |       |     1 |     3 ||     4
   Stab: Sleeping          |     1 |     1 |       ||     2
         Held in net/web   |       |     1 |       ||     1
 Armour: Leather armour    |    32 |    41 |    88 ||   161
  Dodge: Dodged            |    47 |    49 |   106 ||   202
  Block: Buckler           |    13 |    31 |    41 ||    85

Table legend: (Time is in decaauts)
 A = Elapsed time spent in this place.
 B = Non-inter-level travel time spent in this place.
 C = Inter-level travel time spent in this place.
 D = Time resting spent in this place.
 E = Time spent auto-exploring this place.
 F = Levels seen in this place.
 G = Mean time per level.
                   A        B        C        D        E       F      G
               +--------+--------+--------+--------+--------+-----+--------+
         Total |   6484 |   5730 |    754 |    902 |   3624 |   6 | 1080.7 |
       Dungeon |   6484 |   5730 |    754 |    902 |   3624 |   6 | 1080.7 |
               +--------+--------+--------+--------+--------+-----+--------+

Top non-repeatable levels by time:
     D:1: 1151 daAuts
     D:5: 1141 daAuts
     D:4: 1127 daAuts
     D:2: 1120 daAuts
     D:6: 975 daAuts
     D:3: 968 daAuts
